 Dungeon Crawl Stone Soup version 0.27-a0-553-ge0ab5a2769 (webtiles) character file.

Game seed: 386025277816396283

22383 Gaff the Thaumaturge (level 12, -3/86 HPs)
             Began as a Demonspawn Venom Mage on Mar 8, 2021.
             Was an Initiate of Gozag.
             Slain by a six-headed hydra (8 damage)
             ... on level 2 of the Lair of Beasts.
             The game lasted 01:35:28 (26216 turns).

Gaff the Thaumaturge (Demonspawn Venom Mage)       Turns: 26216, Time: 01:35:29

Health: -3/86      AC: 17    Str:  8    XL:     12   Next: 62%
Magic:  0/28       EV: 14    Int: 26    God:    Gozag
Gold:   2041       SH:  0    Dex: 20    Spells: 19/35 levels left

rFire    . . .     SeeInvis +   N - +5 morningstar (freeze)
rCold    + . .     Faith    .   (no shield)
rNeg     . . .     Spirit   +   C - +3 leather armour
rPois    .         Reflect  .   k - +2 hat
rElec    .         Harm     .   (no cloak)
rCorr    .         Rampage  .   (no gloves)
Will     .....     Clarity  +   (no boots)
Stlth    +++.......             A - amulet of the acrobat
HPRegen  0.24/turn              i - +6 ring of intelligence
MPRegen  0.42/turn              I - +6 ring of dexterity

@: about to teleport, sanguine armoured
A: talons 1, see invisible, clarity, cold resistance 1, demonic guardian 1,
dopey 1, magic shield, magic regeneration, magic link, sanguine armour 2
a: Renounce Religion, Potion Petition, Call Merchant, Bribe Branch


You were on level 2 of the Lair of Beasts.
You worshipped Gozag.
Gozag was most pleased with you.
You visited 3 branches of the dungeon, and saw 15 of its levels.
You also visited: Sewer.

You collected 2795 gold pieces.
You spent 90 gold pieces at shops.
You paid 664 gold pieces to Gozag.

Inventory:

Hand Weapons
 E - a +4 short sword
 G - a +4 flail
 M - a +5 halberd
 N - a +5 morningstar of freezing (weapon)
Missiles
 d - 33 boomerangs
 o - 6 atropa-tipped darts
 v - 61 poisoned darts
Armour
 k - a +2 hat (worn)
 p - a +1 hat
 t - a +0 kite shield
 y - a +1 helmet
 C - a +3 leather armour (worn)
 F - a +0 robe of the Archmagi
 O - a +0 pair of gloves
 P - the +0 leather armour "Qucar" {-Tele rF+ rC+ rCorr}
   (You found it on level 10 of the Dungeon)

   It protects you from fire.
   It protects you from cold.
   It prevents most forms of teleportation.
   It provides partial protection from all sources of acid and corrosion.
Jewellery
 i - a +6 ring of intelligence (left hand)
 m - an amulet of reflection
 s - a ring of flight
 A - an amulet of the acrobat (around neck)
 D - an amulet of magic regeneration
 H - an amulet of the acrobat
 I - a +6 ring of dexterity (right hand)
Wands
 a - a wand of flame (13)
 e - a wand of iceblast (19)
 l - a wand of polymorph (7)
 J - a wand of mindburst (7)
 Q - a wand of random effects (9)
 R - a wand of acid (11)
Scrolls
 b - 5 scrolls of enchant weapon
 g - 5 scrolls of teleportation
 n - 3 scrolls of fog
 q - 2 scrolls of fear
 u - 3 scrolls of enchant armour
 x - a scroll of immolation
 B - a scroll of blinking
 K - a scroll of amnesia
Potions
 c - 2 potions of curing
 f - 4 potions of invisibility
 j - 2 potions of haste
 r - 2 potions of attraction
 w - 2 potions of flight
 z - a potion of magic
 L - a potion of lignification
Miscellaneous
 h - a phial of floods


   Skills:
 - Level 5.5 Fighting
 - Level 6.5 Maces & Flails
 - Level 3.0 Armour
 + Level 4.5 Dodging
 + Level 3.6 Stealth
 + Level 12.1 Spellcasting
 + Level 2.8 Conjurations
 - Level 1.2 Transmutations
 - Level 1.0 Air Magic
 + Level 2.5 Earth Magic
 - Level 11.6 Poison Magic
 - Level 0.5 Evocations


You had 19 spell levels left.
You knew the following spells:

 Your Spells              Type           Power      Damage    Failure   Level
a - Sting                 Tmut/Pois      100%       1d8       1%          1
b - Poisonous Vapours     Pois/Air       96%        N/A       1%          2
c - Olgreb's Toxic Radia  Pois           66%        N/A       1%          4
d - Spider Form           Tmut/Pois      24%        N/A       1%          3
e - Stone Arrow           Conj/Erth      58%        3d10      5%          3
f - Mephitic Cloud        Conj/Pois/Air  42%        N/A       1%          3

Your spell library contained the following spells:

 Spells                   Type           Power      Damage    Failure   Level
 Sandblast                Erth           58%        2d13      1%          1
 Ignite Poison            Fire/Tmut/Pois 38%        N/A       2%          3
 Beastly Appendage        Tmut           44%        N/A       3%          1
 Passwall                 Tmut/Erth      20%        N/A       3%          2
 Wereblood                Tmut           22%        N/A       4%          2
 Corona                   Hex            16%        N/A       5%          1
 Slow                     Hex            15%        N/A       8%          2
 Inner Flame              Hex/Fire       15%        N/A       16%         3
 Portal Projectile        Hex/Tloc       30%        N/A       16%         3
 Petrify                  Tmut/Erth      25%        N/A       24%         4
 Leda's Liquefaction      Hex/Erth       11%        N/A       30%         4
 Ice Form                 Ice/Tmut       19%        N/A       36%         4
 Cause Fear               Hex            7%         N/A       45%         4
 Lee's Rapid Deconstruct  Erth           14%        3d10*     45%         5
 Blade Hands              Tmut           11%        N/A       65%         5


Dungeon Overview and Level Annotations

Branches:
Dungeon (12/15)            Temple (1/1) D:5            Lair (2/6) D:8
    Orc (0/2) D:11          Sewer (visited)
  Swamp: Lair:2-4    Shoals: Lair:2-4     Snake: Lair:2-4    Spider: Lair:2-4

Altars:
Ashenzari
Cheibriados
Dithmenos
Elyvilon
Fedhas
Gozag
Hepliaklqana
Kikubaaqudgha
Makhleb
Nemelex Xobeh
Okawaru
Qazlal
Ru
Sif Muna
Trog
Uskayaw
Vehumet
Wu Jian
Xom
Yredelemnul
Zin
The Shining One

Shops:
D:8 (   D:9 ?

Annotations:
D:4 1 runed translucent door, Gaff's ghost, amateur OpBr
D:10 Nergalle
D:12 Nessos
Lair:1 2 transporters, stripedtigrrr's ghost, journeyman OpDe


Innate Abilities, Weirdness & Mutations

You have sharp toenails.
A weak demonic guardian rushes to your aid.
When hurt, damage is shared between your health and your magic reserves.
You regenerate magic rapidly.
When low on magic, you restore magic in place of health.
When seriously injured, your bleeding wounds create thick armour. (AC +9)
You have supernaturally acute eyesight. (SInv)
You possess an exceptional clarity of mind.
Your flesh is cold resistant. (rC+)
You are dopey. (Int -2)


Message History

Aiming: Stone Arrow (dangerous; 5% risk of failure)
Press: ? - help, Shift-Dir - straight line, f/p - six-headed hydra
Aim: a six-headed hydra (severely wounded, slow, 10% to evade)
The stone arrow misses the six-headed hydra.
The six-headed hydra is no longer moving slowly.
You sock the six-headed hydra!
The six-headed hydra seems to slow down.
You freeze the six-headed hydra. Your kick misses the six-headed hydra.
The six-headed hydra is severely wounded.
The six-headed hydra is no longer moving slowly.
You hit the six-headed hydra but do no damage.
The six-headed hydra is severely wounded.
The six-headed hydra barely misses you. The six-headed hydra bites you!
* * * LOW HITPOINT WARNING * * *
The six-headed hydra bites you!
* * * LOW HITPOINT WARNING * * *
The six-headed hydra bites you but does no damage. x3
You thump the six-headed hydra! You freeze the six-headed hydra.
The six-headed hydra is almost dead.
The six-headed hydra bites you but does no damage. x2
The six-headed hydra bites you!
* * * LOW HITPOINT WARNING * * *
A demonic guardian appears!
The six-headed hydra bites you.
* * * LOW HITPOINT WARNING * * *
The six-headed hydra bites you but does no damage.
The six-headed hydra closely misses you.
Your iron imp barely misses the six-headed hydra.
Your iron imp hits the six-headed hydra.
The six-headed hydra completely misses you. x2
The six-headed hydra bites you!
* * * LOW HITPOINT WARNING * * *
The six-headed hydra bites you but does no damage.
The six-headed hydra closely misses you.
The six-headed hydra completely misses you.
As you read the scroll of teleportation, it crumbles to dust.
You feel strangely unstable. The six-headed hydra misses you.
The six-headed hydra bites you but does no damage.
The six-headed hydra bites you!
You die...
Your body crumbles into a pile of gold.

### ### #.### ##.###
# ##.P####..#.####
##..............
#............#..
#####....$...#.#....
#......##########..#
####...5.# ##.#
#.#..@D.## ###
#.......#
####.###....#
##....[##....#
####.P....####.#.#
#........## #...#
#(..#....# #PP..
###(.#...## P...
####....#


You could see a six-headed hydra (ally target) and a friendly iron imp
(summoned).

Vanquished Creatures
  Josephine (D:11)
  A hydra (Lair:2)
  A catoblepas (Lair:2)
  An ogre mage (D:10)
  Harold (D:7)
  3 two-headed ogres
  Urug (D:11)
  An unseen horror (D:12)
  Pikel (D:7)
  An ugly thing (D:11)
  A manticore (D:12)
  A cyclops (D:11)
  Joseph (D:8)
  A black mamba (Lair:1)
  5 cane toads
  A rime drake (Lair:2)
  A centaur skeleton (D:11)
  A redback zombie (D:9)
  A komodo dragon (Lair:1)
  A kobold demonologist (D:10)
  A polar bear (Lair:2)
  2 trolls
  2 hornets
  Sigmund (D:4)
  A shadow (D:11)
  A wraith (D:10)
  A wyvern (D:9)
  7 yaks (D:9)
  2 basilisks
  Eustachio (D:4)
  4 vampire mosquitoes
  Duvessa (D:5)
  7 water moccasins
  5 orc warriors
  2 black bears
  An ice beast (D:12)
  2 necrophages
  A sky beast (D:5)
  4 centaurs
  An ogre (D:5)
  Blork the orc (D:5)
  5 kobold brigands
  9 bullfrogs
  A wyvern zombie (D:6)
  3 scorpions
  A wyvern skeleton (D:9)
  Dowan (D:5)
  6 killer bees
  16 wights
  3 howler monkeys
  A centaur zombie (D:6)
  A quasit (D:10)
  A bullfrog zombie (D:11)
  8 hounds
  3 jellies
  5 orc priests
  3 bullfrog skeletons
  4 iguanas
  13 orc wizards
  2 killer bee zombies
  8 worker ants
  A hound skeleton (D:4)
  A worker ant zombie (D:9)
  3 gnolls (D:11)
  A howler monkey zombie (D:8)
  11 adders
  2 river rats (Sewer)
  5 shadow imps
  2 white imps
  2 ufetubi
  An adder skeleton (D:5)
  3 worms
  3 dart slugs
  8 leopard geckos
  48 orcs
  10 bats
  7 giant cockroaches
  13 goblins
  6 hobgoblins
  15 jackals
  25 kobolds
  4 quokkas
  4 frilled lizards
  4 rats
347 creatures vanquished.

Vanquished Creatures (collateral kills)
  Gastronok (Lair:1)
1 creature vanquished.

Vanquished Creatures (others)
  4 fungi
  17 plants
  2 withered plants (D:4)
23 creatures vanquished.

Grand Total: 371 creatures vanquished

Notes
Turn   | Place    | Note
-------+----------+-------------------------------------------
     0 | D:1      | Gaff the Demonspawn Venom Mage began the quest for the Orb.
     0 | D:1      | Reached XP level 1. HP: 13/13 MP: 3/3
    26 | D:1      | Reached skill level 1 in Transmutations
   231 | D:1      | Gained mutation: When seriously injured, your bleeding
                  | wounds create armour. (AC +9) [demonic ancestry]
   231 | D:1      | Reached XP level 2. HP: 14/19 MP: 0/5
   635 | D:1      | Learned a level 2 spell: Poisonous Vapours
  1196 | D:2      | Reached XP level 3. HP: 24/24 MP: 3/6
  2398 | D:3      | Reached skill level 3 in Spellcasting
  2398 | D:3      | Reached XP level 4. HP: 21/30 MP: 1/8
  3192 | D:4      | Noticed Sigmund
  3251 | D:4      | Noticed Eustachio
  3385 | D:4      | Gained mutation: When seriously injured, your bleeding
                  | wounds create thick armour. (AC +9) [demonic ancestry]
  3385 | D:4      | Reached XP level 5. HP: 23/35 MP: 7/10
  3501 | D:4      | Found a runed translucent door.
  3501 | D:4      | Noticed Gaff's ghost (amateur OpBr)
  3501 | D:4      | Noticed a phantom
  4239 | D:5      | Entered Level 5 of the Dungeon
  4265 | D:4      | Reached skill level 4 in Spellcasting
  4367 | D:5      | Reached skill level 1 in Air Magic
  4409 | D:5      | Found a glowing drain.
  4470 | Sewer    | Entered a sewer
  4481 | Sewer    | Reached XP level 6. HP: 36/41 MP: 6/12
  4793 | Sewer    | Reached skill level 5 in Poison Magic
  5157 | D:5      | Found a staircase to the Ecumenical Temple.
  5158 | D:5      | Noticed a sky beast
  5183 | D:5      | Killed a sky beast
  5184 | D:5      | Reached skill level 5 in Spellcasting
  5445 | Temple   | Entered the Ecumenical Temple
  5460 | Temple   | Became a worshipper of Gozag Ym Sagoz the Greedy
  6008 | D:5      | Noticed Blork the orc
  6119 | D:5      | Killed Blork the orc
  6120 | D:5      | Gained mutation: You have sharp toenails. [demonic
                  | ancestry]
  6120 | D:5      | Reached XP level 7. HP: 31/46 MP: 2/14
  6214 | D:5      | Gained mutation: Your flesh is cold resistant. (rC+)
                  | [potion of mutation]
  6214 | D:5      | Gained mutation: You are dopey. (Int -2) [potion of
                  | mutation]
  6214 | D:5      | Gained mutation: You have supernaturally acute eyesight.
                  | (SInv) [potion of mutation]
  6214 | D:5      | Gained mutation: You possess an exceptional clarity of
                  | mind. [potion of mutation]
  6561 | D:5      | Noticed Dowan
  6563 | D:5      | Noticed Duvessa
  6586 | D:5      | Killed Dowan
  6745 | D:5      | Killed Duvessa
  6843 | D:5      | Learned a level 4 spell: Olgreb's Toxic Radiance
  7282 | D:5      | Reached skill level 6 in Spellcasting
  8325 | D:7      | Reached skill level 1 in Armour
  8417 | D:7      | Reached XP level 8. HP: 52/52 MP: 11/17
  8541 | D:7      | Noticed Pikel
  8555 | D:7      | Killed Pikel
  8578 | D:7      | Reached skill level 7 in Spellcasting
  9635 | D:8      | Noticed Harold
  9635 | D:8      | Noticed a two-headed ogre
 10009 | D:7      | Killed Harold
 10010 | D:7      | Reached skill level 8 in Spellcasting
 10010 | D:7      | Gained mutation: You regenerate magic rapidly. [demonic
                  | ancestry]
 10010 | D:7      | Reached XP level 9. HP: 29/58 MP: 11/21
 10505 | D:6      | Reached skill level 1 in Fighting
 11039 | D:4      | Killed Sigmund
 11189 | D:4      | Killed Eustachio
 11190 | D:4      | Reached skill level 9 in Spellcasting
 12368 | D:8      | Noticed Joseph
 12680 | D:8      | Killed Joseph
 12681 | D:8      | Gained mutation: When hurt, damage is shared between your
                  | health and your magic reserves. [demonic ancestry]
 12681 | D:8      | Reached XP level 10. HP: 33/68 MP: 19/23
 12958 | D:8      | Found a hide-covered altar of Uskayaw.
 13072 | D:7      | Killed a two-headed ogre
 13073 | D:7      | Reached skill level 10 in Spellcasting
 14161 | D:8      | Found a shimmering altar of Xom.
 14162 | D:8      | Found a shimmering altar of Xom.
 14182 | D:8      | Found a staircase to the Lair.
 14220 | D:8      | Reached skill level 1 in Maces & Flails
 14389 | D:9      | Noticed a two-headed ogre
 14424 | D:9      | Killed a two-headed ogre
 14425 | D:9      | Reached skill level 10 in Poison Magic
 14650 | D:10     | Entered Level 10 of the Dungeon
 15527 | D:9      | Gained mutation: A weak demonic guardian rushes to your
                  | aid. [demonic ancestry]
 15527 | D:9      | Reached XP level 11. HP: 29/76 MP: 23/25
 16478 | D:9      | Found Ellud's Magic Scroll Emporium.
 16644 | D:9      | Bought a scroll of blinking for 90 gold pieces
 17101 | D:10     | Noticed an ogre mage
 17107 | D:10     | Paralysed by an ogre mage for 6 turns
 17495 | D:10     | Reached skill level 11 in Spellcasting
 17584 | D:10     | Identified the +3 scythe of Puclaheq {protect, rElec Str+4
                  | Int+3}
 17584 | D:10     | Noticed Nergalle
 18646 | D:10     | Identified the +0 leather armour "Qucar" {-Tele rF+ rC+
                  | rCorr}
 18782 | D:10     | Noticed Josephine
 19292 | Lair:1   | Entered Level 1 of the Lair of Beasts
 19595 | Lair:1   | Found a transporter.
 19599 | Lair:1   | Found a bloodstained altar of Trog.
 19599 | Lair:1   | Identified the +7 trident of Urisim {flame, Will+}
 19599 | Lair:1   | Noticed a spriggan rider
 19609 | Lair:1   | Found a transporter.
 19609 | Lair:1   | Identified the +8 broad axe of Demonkind {antimagic, rElec
                  | rPois rF+}
 19609 | Lair:1   | Noticed a spriggan berserker
 19609 | Lair:1   | Noticed stripedtigrrr's ghost (journeyman OpDe)
 20470 | Lair:1   | Reached skill level 5 in Maces & Flails
 20800 | Lair:1   | Reached skill level 5 in Fighting
 20933 | Lair:1   | Noticed Gastronok
 21176 | Lair:1   | Killed Gastronok
 22009 | Lair:2   | Noticed a seven-headed hydra
 22730 | D:11     | Noticed Urug
 22751 | D:11     | Killed Urug
 22752 | D:11     | Gained mutation: When low on magic, you restore magic in
                  | place of health. [demonic ancestry]
 22752 | D:11     | Reached XP level 12. HP: 82/86 MP: 19/27
 22780 | D:11     | Found a staircase to the Orcish Mines.
 23272 | D:11     | Learned a level 3 spell: Spider Form
 23370 | D:12     | Noticed a two-headed ogre
 23413 | D:11     | Killed a two-headed ogre
 24001 | D:12     | Learned a level 3 spell: Stone Arrow
 24082 | D:12     | Noticed Nessos
 24322 | D:12     | Reached skill level 1 in Conjurations
 24533 | D:11     | Killed Josephine
 24534 | D:11     | Reached skill level 1 in Earth Magic
 25118 | D:9      | Reached skill level 12 in Spellcasting
 25309 | D:10     | Paralysed by an ogre mage for 5 turns
 25321 | D:10     | Killed an ogre mage
 25699 | Lair:2   | Learned a level 3 spell: Mephitic Cloud
 25738 | Lair:2   | Killed a seven-headed hydra
 25752 | Lair:2   | Noticed a six-headed hydra
 26131 | Lair:2   | Noticed a catoblepas
 26181 | Lair:2   | Killed a catoblepas
 26216 | Lair:2   | Slain by a six-headed hydra

Illustrated notes

Levels and vault maps discovered:
D:1:      lemuel_arrival_broad_hall, layout_basic
D:2:      layout_basic, corexii_item_surrounded_by_moat,
          kennysheep_generic_room_15
D:3:      layout_rooms, columned_hall_lemuel
D:4:      layout_basic, gammafunk_ghost_grave, uniq_eustachio, uniq_sigmund
D:5:      layout_loops_ring, minmay_temple_entry_mini_moons,
          gup_sewer_entry_pipe, minmay_ogre_servants, uniq_blork_the_orc,
          uniq_duvessa
D:6:      layout_cave_pools
D:7:      layout_basic, uniq_pikel
D:8:      layout_loops_ring, eat_drink_and_be_merry_uskayaw, erik_lair_island,
          special_room [special_room_orc], xom_redecorated, uniq_harold,
          uniq_joseph
D:9:      layout_grid_maze, serial_shops, shop_statue
D:10:     layout_rooms, serial_rivers, chequers_serial_rivers_large_a,
          chequers_serial_rivers_micro_b, chequers_serial_rivers_room_b,
          chequers_serial_rivers_small_3, minmay_shattered_shrine, uniq_erolcha,
          uniq_josephine, uniq_psyche, uniq_nergalle
D:11:     layout_basic, orc_0_dummy, uniq_urug
D:12:     layout_loops_ring, uniq_snorg, uniq_nessos
Temple:   nicolae_temple_the_god_donut
Lair:1:   layout_big_grid, gammafunk_ghost_wrathful_warriors, st_stairs_12,
          grunt_megastairs_1, lemuel_fruit_fields, uniq_gastronok
Lair:2:   layout_concentric_octagons, nzn_random_ring

Skill      XL: |  1  2  3  4  5  6  7  8  9 10 11 12 |
---------------+-------------------------------------+-----
Transmutations | 1 |  1.2
Poison Magic   | 4 5 6 8 9 10 11 | 11.6
Spellcasting   | 3 4 5 6 8 9 10 11 12 | 12.1
Air Magic      | 1 |  1.0
Armour         | 1 3 |  3.0
Fighting       | 2 3 5 |  5.5
Maces & Flails | 3 6 |  6.5
Dodging        | 2 3 4 |  4.5
Stealth        | 3 |  3.6
Conjurations   | 2 |  2.8
Earth Magic    | 2 |  2.5
Evocations     | |  0.5

Action                   |  1- 3 |  4- 6 |  7- 9 | 10-12 || total
-------------------------+-------+-------+-------+-------++-------
Melee: Unarmed           |     3 |       |       |       ||     3
       Dagger            |    54 |     4 |       |       ||    58
       Short sword       |       |    65 |   219 |    20 ||   304
       Kick              |       |       |    55 |   107 ||   162
       Flail             |       |       |       |   270 ||   270
       Morningstar       |       |       |       |   200 ||   200
 Cast: Sting             |    47 |    97 |    61 |   140 ||   345
       Poisonous Vapours |     9 |    15 |    72 |   176 ||   272
       Olgreb's Toxic Ra |       |       |     5 |    19 ||    24
       Stone Arrow       |       |       |       |    12 ||    12
       Spider Form       |       |       |       |     1 ||     1
Invok: Call Merchant     |       |       |       |     1 ||     1
Evoke: Wand              |       |       |       |     7 ||     7
  Use: Scroll            |       |    12 |     2 |    10 ||    24
       Potion            |       |     1 |     1 |     6 ||     8
 Stab: Sleeping          |       |     3 |       |       ||     3
       Distracted        |       |       |       |     2 ||     2
Armor: Robe              |    37 |    27 |    12 |       ||    76
       Leather armour    |       |       |    56 |   271 ||   327
Dodge: Dodged            |    83 |    89 |   113 |   491 ||   776

Table legend: (Time is in decaauts)
 A = Elapsed time spent in this place.
 B = Non-inter-level travel time spent in this place.
 C = Inter-level travel time spent in this place.
 D = Time resting spent in this place.
 E = Time spent auto-exploring this place.
 F = Levels seen in this place.
 G = Mean time per level.
                   A        B        C        D        E       F      G
               +--------+--------+--------+--------+--------+-----+--------+
         Total |  26449 |  24961 |   1488 |  10692 |   7960 |  16 | 1653.1 |
       Dungeon |  21608 |  20298 |   1310 |   8109 |   6976 |  12 | 1800.7 |
        Temple |    281 |    259 |     22 |      0 |    251 |   1 |  281.0 |
          Lair |   3885 |   3730 |    155 |   2255 |    658 |   2 | 1942.5 |
         Sewer |    674 |    674 |      0 |    328 |     74 |   1 |  674.0 |
               +--------+--------+--------+--------+--------+-----+--------+

Top non-repeatable levels by time:
     D:9: 3290 daAuts
  Lair:1: 3097 daAuts
     D:7: 2979 daAuts
    D:11: 2906 daAuts
     D:8: 2494 daAuts
     D:5: 2450 daAuts
     D:4: 1579 daAuts
     D:2: 1162 daAuts
     D:1: 1139 daAuts
    D:10: 1028 daAuts
     D:6: 1012 daAuts
     D:3: 907 daAuts
  Lair:2: 788 daAuts
   Sewer: 674 daAuts
    D:12: 657 daAuts
